 Dungeon Crawl Stone Soup version 0.22-a0-135-g6f012ad (webtiles) character file.

40865 mortelune the Frost Mage (level 13, -5/105 HPs)
             Began as a Demonspawn Ice Elementalist on Feb 2, 2018.
             Was an Elder of Ashenzari.
             Slain by Xenophilius's ghost (17 damage)
             ... on level 2 of the Orcish Mines.
             The game lasted 01:41:06 (34793 turns).

mortelune the Frost Mage (DsIE)                    Turns: 34793, Time: 01:41:06

Health: -5/105     AC: 19    Str: 13    XL:     13   Next: 76%
Magic:  0/26       EV: 19    Int: 20    God:    Ashenzari [****..]
Gold:   1486       SH:  0    Dex: 19    Spells: 10/31 levels left

rFire    + . .     SeeInvis +   z - +4 hand axe "Beler" {drain, rC+ rN+} (curse)
rCold    + . .     Gourm    .   (no shield)
rNeg     + . .     Faith    .   J - +0 steam dragon scales
rPois    .         Spirit   +   E - +2 hat {SInv} (curse)
rElec    .         Reflect  .   C - +0 cloak (curse)
rCorr    .         Harm     .   W - +0 pair of gloves {Str+3}
MR       .....     Clarity  +   y - +2 pair of boots (curse)
Stlth    ++++......             (no amulet)
HPRegen  0.27/turn              d - +5 ring of protection (curse)
MPRegen  0.40/turn              P - ring of protection from fire (curse)

@: agile, berserk cooldown, slowed, very slow
A: claws 1, slimy green scales 1, powered by pain 1, magic shield, magic
regeneration, magic link
a: Curse Item, Scrying, Renounce Religion


You were on level 2 of the Orcish Mines.
You worshipped Ashenzari.
Ashenzari was greatly pleased with you.
You were not hungry.

You visited 4 branches of the dungeon, and saw 21 of its levels.

You collected 1486 gold pieces.

Inventory:

Hand Weapons
 z - the cursed +4 hand axe "Beler" (weapon) {drain, rC+ rN+}
   (You found it on level 5 of the Dungeon)

   A truly terrible weapon, it drains the life of those it strikes.
   It protects you from cold.
   It protects you from negative energy.
   It has a curse placed upon it.
Missiles
 G - 2 throwing nets (quivered)
Armour
 k - a +0 troll leather armour
 y - a cursed +2 pair of boots (worn)
 C - a cursed +0 cloak (worn)
 E - a cursed +2 hat of see invisible (worn)
 J - +0 steam dragon scales (worn)
 W - a +0 pair of gloves of strength (worn)
 Y - a +2 ring mail of poison resistance
Jewellery
 d - a cursed +5 ring of protection (left hand)
 x - an uncursed ring of protection from cold
 F - an uncursed ring of stealth
 P - a cursed ring of protection from fire (right hand)
 R - a +3 ring of strength
Wands
 j - a wand of digging (12)
 r - a wand of random effects (21)
 A - a wand of enslavement (5)
 D - a wand of flame (53)
 N - a wand of paralysis (7)
 S - a wand of polymorph (21)
 X - a wand of iceblast (14)
Scrolls
 a - 2 scrolls of identify
 f - 4 scrolls of remove curse
 g - 3 scrolls of fog
 o - 3 scrolls of enchant weapon
 v - 5 scrolls of amnesia
 B - 2 scrolls of magic mapping
 H - 2 scrolls of blinking
 K - 3 scrolls of teleportation
 M - a scroll of enchant armour
 Q - a scroll of fear
 T - 2 scrolls of holy word
 U - a scroll of immolation {unknown}
Potions
 e - 2 potions of curing
 h - 2 potions of cancellation
 i - a potion of berserk rage
 l - a potion of degeneration
 m - 3 potions of lignification
 p - 4 potions of haste
 q - a potion of flight
 s - 3 potions of brilliance
 u - a potion of magic
 w - a potion of ambrosia
 I - 2 potions of agility
 O - 2 potions of might
Books
 b - a book of Frost

   Spells                             Type                      Level
   a - Freeze                         Ice                          1
   b - Throw Frost                    Conjuration/Ice              2
   c - Ozocubu's Armour               Charms/Ice                   3
   d - Throw Icicle                   Conjuration/Ice              4
   e - Summon Ice Beast               Ice/Summoning                4
 t - a book of Necromancy

   Spells                             Type                      Level
   a - Pain                           Necromancy                   1
   b - Animate Skeleton               Necromancy                   1
   c - Vampiric Draining              Necromancy                   3
   d - Regeneration                   Charms/Necromancy            3
   e - Animate Dead                   Necromancy                   4
 L - a book of Minor Magic

   Spells                             Type                      Level
   a - Magic Dart                     Conjuration                  1
   b - Blink                          Translocation                2
   c - Call Imp                       Summoning                    2
   d - Slow                           Hexes                        2
   e - Conjure Flame                  Conjuration/Fire             3
   f - Mephitic Cloud                 Conjuration/Poison/Air       3
 V - a book of Debilitation

   Spells                             Type                      Level
   a - Corona                         Hexes                        1
   b - Slow                           Hexes                        2
   c - Inner Flame                    Hexes/Fire                   3
   d - Portal Projectile              Hexes/Translocation          3
   e - Cause Fear                     Hexes                        4
   f - Leda's Liquefaction            Hexes/Earth                  4
Comestibles
 c - 10 rations


   Skills:
 + Level 10.9 Fighting
 + Level 4.0(7.2) Axes
 + Level 1.2 Armour
 - Level 1.7(3.4) Dodging
 - Level 1.7(3.4) Stealth
 + Level 9.8 Spellcasting
 + Level 11.3(13.4) Conjurations
 - Level 7.0(9.4) Summonings
 - Level 3.3(5.3) Necromancy
 - Level 1.4(3.0) Translocations
 + Level 11.4(13.4) Ice Magic
 - Level 0.8(2.0) Evocations


You had 10 spell levels left.
You knew the following spells:

 Your Spells              Type           Power        Failure   Level  Hunger
a - Freeze                Ice            ####         1%          1    None
b - Throw Frost           Conj/Ice       ######       1%          2    None
c - Ozocubu's Armour      Chrm/Ice       #####...     1%          3    None
d - Throw Icicle          Conj/Ice       ######..     1%          4    ##.....
e - Summon Ice Beast      Ice/Summ       ######..     1%          4    ##.....
f - Animate Skeleton      Necr           N/A          1%          1    None
g - Blink                 Tloc           N/A          3%          2    None
q - Animate Dead          Necr           N/A          8%          4    ##.....


Dungeon Overview and Level Annotations

Branches:
Dungeon (12/15)            Temple (1/1) D:6            Lair (6/6) D:9
 Shoals (0/4) Lair:3       Spider (0/4) Lair:2        Slime (0/5) Lair:5
    Orc (2/2) D:11
    Elf: Orc:2

Altars:
Ashenzari
Cheibriados
Dithmenos
Gozag
Hepliaklqana
Kikubaaqudgha
Makhleb
Sif Muna
Vehumet
Wu Jian
Xom
Beogh

Shops:
D:8 *

Annotations:
D:5 2 transporters, Sigmund
Lair:3 exclusion: oklob plant
Orc:2 Xenophilius's ghost, journeyman TrFi


Innate Abilities, Weirdness & Mutations

You have sharp fingernails.
You are partially covered in slimy green scales. (AC +2)
You sometimes gain a little power by taking damage.
When hurt, damage is shared between your health and your magic reserves.
You regenerate magic rapidly.
When low on magic, you restore magic in place of health.


Message History

Aiming: Throw Icicle (safe; 1% risk of failure)
Press: ? - help, Shift-Dir - straight line, f - orc priest
Aim: an orc priest, wielding a trident The shard of ice hits the orc priest.
The orc priest is heavily wounded.
The orc priest closely misses you.
Xenophilius's ghost hits your ice beast!!!
Your ice beast dies!
Your orc warrior zombie barely misses Xenophilius's ghost.
Casting: Throw Icicle (safe; 1% risk of failure)
Confirm with . or Enter, or press ? or * to list all spells.
Aiming: Throw Icicle (safe; 1% risk of failure)
Press: ? - help, Shift-Dir - straight line, f/p - orc priest
Aim: an orc priest, wielding a trident (heavily wounded)
The shard of ice hits the orc priest.
You kill the orc priest!
Xenophilius's ghost turns its malevolent gaze towards you.
Your orc warrior zombie hits Xenophilius's ghost but does no damage.
Xenophilius's ghost hits you!!
You die...

* * * ### ** , *
,,, ##.## ##, .
,,,, ##...#
#.##.., ,,
##.#..##..$... ,,
,* ,
#....W@......., ,,
##..#)Z)...#... ,,
#...#.)).......
,,,
#..().).)#.....
,,, *
##<).()...#...#,,,
, * , *
#.#)(.)....... , ,
*, *
#...$....#..... ,
,, ##.#..###[.....
,, ,,, ##.$..ยง
....#., ,


You could see Xenophilius's ghost and a friendly orc warrior zombie.

Vanquished Creatures
  A fire dragon (Lair:6)
  2 hydras
  2 two-headed ogres
  A tengu warrior (D:10)
  A fire crab (Lair:5)
  A lindwurm (Lair:6)
  Pikel (D:3)
  An ugly thing (D:12)
  A cyclops (Orc:2)
  2 deep elf magi (D:12)
  3 black mambas
  Maurice (D:9)
  5 elephants (Lair:5)
  2 molten gargoyles (Lair:6)
  Psyche (D:9)
  4 spiny frogs
  13 komodo dragons
  A rime drake (Lair:6)
  2 trolls (Orc:1)
  2 polar bears (Lair:6)
  Grinder (D:5)
  Prince Ribbit (D:9)
  A hornet (D:9)
  9 blink frogs
  2 hippogriffs
  2 slime creatures (D:12)
  4 yaks
  A vampire (D:12)
  2 wyverns
  Grum (Lair:1)
  2 hungry ghosts
  A steam dragon (Lair:6)
  4 wargs
  Edmund (D:5)
  A hornet zombie (D:10)
  9 porcupines
  6 hell hounds
  9 orc warriors
  10 water moccasins
  A sky beast (D:8)
  A black bear (Lair:3)
  2 ice beasts
  A slave (D:4)
  6 ogres
  7 wolves
  8 centaurs
  6 crocodiles
  A big kobold (D:11)
  10 bullfrogs
  A wyvern zombie (D:8)
  6 scorpions
  A killer bee (D:9)
  9 wights
  3 electric eels
  5 crimson imps
  4 lava snakes (Lair:6)
  2 jellies
  A bullfrog zombie (D:6)
  3 centaur zombies
  5 hounds
  4 bullfrog skeletons
  2 quasits
  7 orc priests
  7 orc wizards
  A centaur skeleton (D:10)
  3 iguanas
  10 worker ants
  A hound skeleton (D:9)
  2 hound zombies
  7 gnolls
  13 adders
  2 shadow imps (D:6)
  4 oozes
  2 adder zombies (D:6)
  2 adder skeletons
  2 worms (D:3)
  4 dart slugs
  3 leopard geckos
  33 orcs
  8 bats
  4 giant cockroaches
  10 goblins
  7 hobgoblins
  17 jackals
  6 quokkas
  A frilled lizard (D:1)
  A jackal skeleton (D:4)
  8 kobolds
  2 leopard gecko skeletons
  A quokka skeleton (D:7)
  7 rats
378 creatures vanquished.

Vanquished Creatures (collateral kills)
  Azrael (Orc:2)
  The ghost of Xenophilius the Grappler, a journeyman TrFi of Cheibriados (Lair:3)
  2 catoblepae
  2 hydras
  Erica (D:9)
  A two-headed ogre (D:9)
  Urug (D:11)
  The ghost of Daviar the Abyss-Baptised, a novice OpAK of Lugonu (D:7)
  A lindwurm (Lair:6)
  An orc sorcerer (Orc:1)
  A cyclops (D:12)
  An elephant (Lair:5)
  3 black mambas
  A molten gargoyle (Lair:6)
  A spiny frog (Lair:5)
  A rime drake (Lair:4)
  3 komodo dragons
  2 trolls (Orc:1)
  A polar bear (Lair:6)
  4 blink frogs
  2 slime creatures (D:12)
  4 dream sheep (Lair:6)
  A hippogriff (Lair:6)
  12 yaks
  A fire elemental (Orc:1)
  3 basilisks
  A warg (Orc:1)
  2 steam dragons
  5 hell hounds
  3 water moccasins
  2 porcupines (Lair:4)
  3 orc warriors
  A sky beast (D:6)
  2 ice beasts
  7 wolves
  2 ogres
  3 centaurs
  A big kobold (D:11)
  2 crocodiles
  2 bullfrogs
  A scorpion (Lair:2)
  2 killer bees (D:9)
  4 wights
  A jelly (Lair:5)
  3 orc priests
  2 orc wizards (Orc:2)
  2 worker ants
  A hound zombie (D:10)
  2 gnolls (D:8)
  An adder (D:7)
  A shadow imp (D:10)
  2 oozes (Lair:5)
  14 orcs
  A giant cockroach (Lair:2)
  5 kobolds
  A fungus (Lair:6)
132 creatures vanquished.

Vanquished Creatures (others)
  5 yaks (Lair:5)
  A water moccasin (Lair:5)
  2 orc wizards
  A quokka skeleton (D:4)
  A bush (Lair:5)
  12 fungi
  7 plants
29 creatures vanquished.

Grand Total: 539 creatures vanquished

Notes
Turn   | Place    | Note
-------+----------+-------------------------------------------
     0 | D:1      | mortelune the Demonspawn Ice Elementalist began the quest for the Orb.
     0 | D:1      | Reached XP level 1. HP: 13/13 MP: 3/3
   451 | D:1      | Gained mutation: You are partially covered in slimy green scales. (AC +2) [demonic ancestry]
   451 | D:1      | Reached XP level 2. HP: 4/20 MP: 0/5
  1074 | D:1      | Reached skill level 1 in Fighting
  1170 | D:1      | Learned a level 2 spell: Throw Frost
  1379 | D:1      | Gained mutation: You sometimes gain a little power by taking damage. [demonic ancestry]
  1379 | D:1      | Reached XP level 3. HP: 26/26 MP: 4/6
  1770 | D:2      | Learned a level 3 spell: Ozocubu's Armour
  2603 | D:3      | Gained mutation: When hurt, damage is shared between your health and your magic reserves. [demonic ancestry]
  2603 | D:3      | Reached XP level 4. HP: 32/32 MP: 4/7
  4432 | D:4      | Reached XP level 5. HP: 34/38 MP: 4/9
  4929 | D:4      | Noticed an ogre
  5371 | D:4      | Gained mutation: You regenerate magic rapidly. [demonic ancestry]
  5371 | D:4      | Reached XP level 6. HP: 43/46 MP: 1/10
  5549 | D:4      | HP: 1/46 [gnoll/club (8)]
  6029 | D:4      | Noticed Pikel
  6029 | D:4      | Noticed a slave
  6029 | D:4      | Noticed a slave
  6030 | D:4      | Noticed a slave
  6030 | D:4      | Noticed a slave
  6041 | D:4      | Killed a slave
  6084 | D:3      | Killed Pikel
  6084 | D:3      | Reached skill level 5 in Ice Magic
  6084 | D:3      | Reached XP level 7. HP: 41/53 MP: 0/13
  6139 | D:3      | Learned a level 4 spell: Throw Icicle
  6144 | D:3      | Learned a level 4 spell: Summon Ice Beast
  6583 | D:5      | Entered Level 5 of the Dungeon
  6583 | D:5      | Found a snail-covered altar of Cheibriados.
  6707 | D:5      | Noticed Edmund
  6725 | D:5      | Killed Edmund
  6725 | D:5      | Reached skill level 1 in Summonings
  6725 | D:5      | Gained mutation: You have sharp fingernails. [demonic ancestry]
  6725 | D:5      | Reached XP level 8. HP: 47/60 MP: 0/14
  6728 | D:5      | Got a bloodstained hand axe
  6731 | D:5      | Noticed a hippogriff
  6812 | D:4      | Killed a hippogriff
  7189 | D:5      | Noticed Grinder
  7349 | D:6      | Found a staircase to the Ecumenical Temple.
  7538 | D:6      | Found a radiant altar of Vehumet.
  8165 | D:6      | Identified the +4 hand axe "Beler" {drain, rC+ rN+} (You found it on level 5 of the Dungeon)
  8531 | Temple   | Entered the Ecumenical Temple
  8542 | Temple   | Became a worshipper of Ashenzari the Shackled
  8792 | D:7      | Reached skill level 5 in Spellcasting
  8829 | D:6      | Reached skill level 5 in Conjurations
  9030 | D:7      | Reached XP level 9. HP: 46/65 MP: 1/16
  9187 | D:7      | Reached skill level 5 in Summonings
  9243 | D:7      | Noticed Daviar's ghost (novice OpAK)
  9648 | D:7      | Killed Daviar's ghost
 10925 | D:8      | Found Ecvetuv's Evil Emporium.
 10925 | D:8      | Found a burning altar of Makhleb.
 11369 | D:9      | Noticed Psyche
 11380 | D:9      | Killed Psyche
 11670 | D:9      | Reached XP level 10. HP: 66/71 MP: 12/19
 11765 | D:9      | Found a deep blue altar of Sif Muna.
 11826 | D:9      | Reached * piety under Ashenzari
 11950 | D:9      | Paralysed by a hornet for 2 turns
 12082 | D:9      | Noticed Maurice
 12530 | D:5      | Found a transporter.
 12557 | D:5      | Found a transporter.
 12581 | D:5      | Paralysed by Grinder for 5 turns
 12594 | D:5      | Paralysed by Grinder for 6 turns
 12603 | D:5      | Killed Grinder
 12674 | D:5      | Noticed Sigmund
 12836 | D:9      | Killed Maurice
 13016 | D:9      | Noticed Erica
 13019 | D:9      | Noticed a two-headed ogre
 13035 | D:9      | Killed a two-headed ogre
 13038 | D:9      | Killed Erica
 13038 | D:9      | Reached skill level 5 in Fighting
 13324 | D:9      | Noticed Prince Ribbit
 13336 | D:9      | Killed Prince Ribbit
 13680 | D:9      | Found a staircase to the Lair.
 13784 | D:10     | Entered Level 10 of the Dungeon
 14252 | D:10     | Noticed a two-headed ogre
 14259 | D:10     | Killed a two-headed ogre
 14860 | D:10     | Noticed a tengu warrior
 14877 | D:10     | Killed a tengu warrior
 14877 | D:10     | Reached XP level 11. HP: 47/81 MP: 0/22
 15286 | Lair:1   | Entered Level 1 of the Lair of Beasts
 15380 | Lair:1   | Noticed Grum
 15396 | Lair:1   | Killed Grum
 18213 | Lair:2   | Found a shimmering altar of Xom.
 18476 | Lair:2   | Found a hole to the Spider Nest.
 19351 | Lair:2   | Noticed a five-headed hydra
 19357 | Lair:2   | Killed a five-headed hydra
 19801 | Lair:3   | Noticed Xenophilius's ghost (journeyman TrFi)
 20190 | Lair:3   | Found a staircase to the Shoals.
 20344 | Lair:3   | Reached ** piety under Ashenzari
 20542 | Lair:3   | Killed Xenophilius's ghost
 20984 | Lair:3   | Reached XP level 12. HP: 92/92 MP: 24/24
 21496 | Lair:4   | Reached skill level 10 in Ice Magic
 22457 | Lair:4   | Reached *** piety under Ashenzari
 22709 | Lair:5   | Noticed a six-headed hydra
 22720 | Lair:5   | Killed a six-headed hydra
 22720 | Lair:5   | Reached skill level 10 in Conjurations
 23874 | Lair:5   | Found a staircase to the Slime Pits.
 24718 | Lair:6   | Entered Level 6 of the Lair of Beasts
 24718 | Lair:6   | Noticed a catoblepas
 24726 | Lair:6   | Reached skill level 1 in Axes
 25187 | Lair:5   | Killed a catoblepas
 25774 | Lair:6   | Noticed a catoblepas
 26185 | Lair:6   | Noticed an eight-headed hydra
 26195 | Lair:6   | Killed an eight-headed hydra
 26542 | Lair:6   | Learned a level 1 spell: Animate Skeleton
 26828 | Lair:6   | Reached skill level 1 in Necromancy
 26858 | Lair:6   | Killed a catoblepas
 26858 | Lair:6   | Gained mutation: When low on magic, you restore magic in place of health. [demonic ancestry]
 26858 | Lair:6   | Reached XP level 13. HP: 74/102 MP: 9/26
 27647 | Lair:6   | Reached skill level 10 in Fighting
 27768 | Lair:6   | Noticed a fire dragon
 28099 | Lair:6   | Learned a level 4 spell: Animate Dead
 28928 | Lair:6   | Found a large runed door.
 28929 | Lair:6   | Found a large runed door.
 29086 | Lair:6   | Killed a fire dragon
 29382 | Lair:6   | Learned a level 2 spell: Blink
 29759 | D:11     | Found a staircase to the Orcish Mines.
 29957 | D:11     | Noticed Urug
 29968 | D:11     | Killed Urug
 30468 | D:12     | Reached **** piety under Ashenzari
 31260 | D:12     | Reached skill level 1 in Translocations
 32902 | Orc:1    | Entered Level 1 of the Orcish Mines
 33112 | Orc:1    | Found a roughly hewn altar of Beogh.
 33579 | Orc:1    | Paralysed by an orc sorcerer for 5 turns
 33597 | Orc:1    | Reached ***** piety under Ashenzari
 33664 | Orc:2    | Entered Level 2 of the Orcish Mines
 33687 | Orc:2    | Noticed Azrael
 34135 | Orc:2    | Killed Azrael
 34135 | Orc:2    | Reached skill level 1 in Armour
 34757 | Orc:2    | Noticed Xenophilius's ghost (journeyman TrFi)
 34793 | Orc:2    | Slain by Xenophilius's ghost

Vault maps used:
D:1:      lemuel_arrival_hallway, minmay_cut_off
D:3:      minmay_wonky_spiral, first_ration, kennysheep_potato
D:4:      uniq_pikel
D:5:      gammafunk_cloud_chamber, serial_shops, nicolae_shop_trees,
          grunt_ministairs_4, kennysheep_slug_shrine, uniq_sigmund, uniq_edmund,
          uniq_grinder
D:6:      nicolae_overflow_hidden_temple, minmay_temple_entry_metal_lava
D:8:      nicolae_evil_shop
D:9:      led_sif_pool, lair_entry_dummy, uniq_prince_ribbit1, uniq_maurice,
          uniq_erica, uniq_psyche
D:10:     grunt_tengu_nest
D:11:     orc_0_dummy, minmay_misc_feat_alley, kennysheep_big_empty_room,
          uniq_urug
Temple:   regret_index_temple_chain_breaker
Lair:1:   beast_lair_carwin_10, uniq_grum
Lair:2:   nicolae_spider_entry_non_spiders, basic_altar,
          infiniplex_staircase_pool_2
Lair:3:   minmay_shoals_entry_centaurs, minmay_lair_oklob_bushes,
          serial_bayou_lagoon_b
Lair:5:   nicolae_slime_entry_slimehenge
Lair:6:   cheibrodos_lair_end_hotspot, serial_bayou_shore_b, lemuel_fruit_tree
Orc:1:    basic_altar
Orc:2:    grunt_orc_gardens, grunt_orc_garden, grunt_orc_garden,
          grunt_orc_garden, grunt_orc_garden, uniq_azrael

Skill      XL: |  1  2  3  4  5  6  7  8  9 10 11 12 13 |
---------------+----------------------------------------+-----
Ice Magic      | 3 4 5 6 7 8 9 10 11 | 11.4
Fighting       | 1 2 3 6 8 9 10 | 10.9
Conjurations   | 2 3 4 5 6 7 9 10 11 | 11.3
Spellcasting   | 3 4 5 6 7 8 9 |  9.8
Summonings     | 1 4 7 |  7.0
Axes           | 2 4 |  4.0
Necromancy     | 1 3 |  3.3
Translocations | 1 |  1.4
Armour         | 1 |  1.2
Dodging        | |  1.7
Stealth        | |  1.7
Evocations     | |  0.8

Action                   |  1- 3 |  4- 6 |  7- 9 | 10-12 | 13-15 || total
-------------------------+-------+-------+-------+-------+-------++-------
Melee: Unarmed           |     2 |       |       |       |       ||     2
       Hand axe          |    21 |       |   138 |   151 |    50 ||   360
       Whip              |    14 |    32 |    13 |       |       ||    59
 Cast: Freeze            |    53 |    72 |   104 |   276 |    93 ||   598
       Throw Frost       |     9 |    43 |    58 |    46 |   101 ||   257
       Ozocubu's Armour  |     1 |     2 |     7 |    23 |    14 ||    47
       Throw Icicle      |       |       |    28 |   167 |   141 ||   336
       Summon Ice Beast  |       |       |    27 |   113 |    83 ||   223
       Animate Skeleton  |       |       |       |     1 |     1 ||     2
       Animate Dead      |       |       |       |       |    23 ||    23
       Blink             |       |       |       |       |     3 ||     3
Invok: Curse Item        |       |       |     4 |     2 |       ||     6
Evoke: Wand              |       |       |       |     4 |     5 ||     9
  Use: Scroll            |     6 |     1 |     5 |    22 |     5 ||    39
       Potion            |       |     3 |     1 |     1 |     3 ||     8
 Stab: Distracted        |       |       |     3 |     7 |     3 ||    13
       Petrifying        |       |       |       |     1 |       ||     1
  Eat: Chunk             |     7 |    13 |    11 |    52 |    11 ||    94
       Ration            |       |       |     6 |     7 |     9 ||    22
Armor: Robe              |    37 |    45 |   144 |   235 |     2 ||   463
       Steam dragon scal |       |       |       |       |   130 ||   130
       Ring mail         |       |       |       |       |     2 ||     2
Dodge: Dodged            |    53 |    44 |   191 |   376 |   208 ||   872

Table legend:
 A = Spawn XP
 B = Non-spawn XP
 C = Spawn XP percentage of total XP
 D = Spawn monster count
 E = Non-spawn monster count
 F = Spawn count percentage of total count
 G = Total turns spent on level
                    A         B        C        D         E        F      G
               +---------+---------+-------+---------+---------+-------+---------
         Total |       0 |   58379 |   0.0 |       0 |     511 |   0.0 | 34793
               +---------+---------+-------+---------+---------+-------+---------
           D:1 |       0 |      41 |   0.0 |       0 |      20 |   0.0 |  1442
           D:2 |       0 |      34 |   0.0 |       0 |      11 |   0.0 |   853
           D:3 |       0 |     754 |   0.0 |       0 |      28 |   0.0 |  2267
           D:4 |       0 |     685 |   0.0 |       0 |      27 |   0.0 |  2220
           D:5 |       0 |     678 |   0.0 |       0 |      12 |   0.0 |   949
           D:6 |       0 |     566 |   0.0 |       0 |      20 |   0.0 |  1779
           D:7 |       0 |    1591 |   0.0 |       0 |      27 |   0.0 |  1085
           D:8 |       0 |    1059 |   0.0 |       0 |      24 |   0.0 |  1278
           D:9 |       0 |    3464 |   0.0 |       0 |      38 |   0.0 |  2039
          D:10 |       0 |    2553 |   0.0 |       0 |      22 |   0.0 |  1391
          D:11 |       0 |    1797 |   0.0 |       0 |      24 |   0.0 |   819
          D:12 |       0 |    4526 |   0.0 |       0 |      30 |   0.0 |  2443
        Lair:1 |       0 |    5637 |   0.0 |       0 |      31 |   0.0 |  2856
        Lair:2 |       0 |    3339 |   0.0 |       0 |      22 |   0.0 |  2223
        Lair:3 |       0 |    1803 |   0.0 |       0 |      13 |   0.0 |  1704
        Lair:4 |       0 |    3723 |   0.0 |       0 |      25 |   0.0 |   741
        Lair:5 |       0 |    6589 |   0.0 |       0 |      28 |   0.0 |  3219
        Lair:6 |       0 |   14005 |   0.0 |       0 |      56 |   0.0 |  3567
         Orc:1 |       0 |    3513 |   0.0 |       0 |      34 |   0.0 |  1735
         Orc:2 |       0 |    2022 |   0.0 |       0 |      19 |   0.0 |   156
               +---------+---------+-------+---------+---------+-------+---------
